 Dungeon Crawl Stone Soup version 0.25-a0-246-g58704a1 (webtiles) character file.

Game seed: 8618711623701210753, levelgen mode: deterministic

1135 Blackhawk the Shield-Bearer (level 8, -2/71 HPs)
             Began as a Minotaur Fighter on Dec 3, 2019.
             Was a Follower of Okawaru.
             Slain by Pikel
             ... wielding a +2 whip of electrocution
              (6 damage)
             ... on level 5 of the Dungeon.
             The game lasted 00:08:05 (4272 turns).

Blackhawk the Shield-Bearer (Minotaur Fighter)      Turns: 4272, Time: 00:08:06

Health: -2/71      AC: 14    Str: 23    XL:     8   Next: 14%
Magic:  7/7        EV:  4    Int:  8    God:    Okawaru [*.....]
Gold:   199        SH: 16    Dex: 10    Spells: 7/7 levels left

rFire    . . .     SeeInvis .   a - +0 war axe
rCold    + . .     Gourm    .   v - +0 large shield
rNeg     . . .     Faith    .   n - +3 chain mail {rC+}
rPois    .         Spirit   .   (helmet restricted)
rElec    .         Reflect  .   r - +0 cloak
rCorr    .         Harm     .   (no gloves)
MR       .....                  (no boots)
Stlth    ..........             (no amulet)
HPRegen  0.21/turn              m - +3 ring of intelligence
MPRegen  0.10/turn              (no ring)

@: no status effects
A: retaliatory headbutt, horns 2
a: Heroism, Renounce Religion


You were on level 5 of the Dungeon.
You worshipped Okawaru.
Okawaru was aware of your devotion.
You were not hungry.

You visited 1 branch of the dungeon, and saw 5 of its levels.

You collected 199 gold pieces.

Inventory:

Hand Weapons
 a - a +0 war axe (weapon)
Armour
 b - a +0 scale mail
 c - a +0 shield
 g - a +0 chain mail
 n - a +3 chain mail of cold resistance (worn)
 r - a +0 cloak (worn)
 v - a +0 large shield (worn)
 w - a +0 pair of gloves
Jewellery
 l - an uncursed ring of ice {unknown}
 m - a +3 ring of intelligence (left hand)
Wands
 o - a wand of acid (10)
Scrolls
 e - 5 scrolls of identify {unknown}
 i - a scroll of blinking {unknown}
 j - a scroll of magic mapping {unknown}
 k - 2 scrolls of remove curse {unknown}
 t - 3 scrolls of teleportation {unknown}
 u - a scroll of fear {unknown}
 x - a scroll of enchant weapon {unknown}
 y - a scroll of enchant armour {unknown}
Potions
 d - a potion of might
 h - 2 potions of ambrosia {unknown}
 p - a potion of brilliance {unknown}
 q - a potion of degeneration {unknown}
 s - a potion of curing {unknown}
 z - a potion of heal wounds {unknown}
Comestibles
 f - 6 rations
 A - 4 chunks of flesh


   Skills:
 + Level 6.8 Fighting
 + Level 6.2 Axes
 + Level 6.7 Armour
 + Level 6.8 Shields


You had 7 spell levels left.
You didn't know any spells.
Your spell library was empty.

Dungeon Overview and Level Annotations

Branches:
Dungeon (5/15)
 Temple: D:4-7

Altars:
Ashenzari
Makhleb
Okawaru
Qazlal
Uskayaw
Yredelemnul
The Shining One

Annotations:
D:5 1 runed translucent door, Crazy Yiuf, Pikel


Innate Abilities, Weirdness & Mutations

You reflexively headbutt those who attack you in melee.
You have a pair of horns on your head.


Message History

You block the slave's attack. The slave hits you but does no damage.
You block something's attack. The slave completely misses you.
You miss something. Your headbutt misses something. You barely miss the slave.
Your shield and chain mail prevent you from hitting the slave.
You block the slave's attack. Something hits you but does no damage.
You are electrocuted!
* * * LOW HITPOINT WARNING * * *
The slave barely misses you. You furiously retaliate!
You headbutt the slave. The slave hits you.
* * * LOW HITPOINT WARNING * * *
You miss something.
Your shield and chain mail prevent you from hitting the slave.
You hit the slave but do no damage. You block something's attack.
The slave hits you but does no damage. x2
You miss something. You closely miss the slave. You hit the slave.
Something hits you but does no damage. You block the slave's attack. x2
Something hits you but does no damage. The slave hits you but does no damage.
You barely miss something. You hit the slave but do no damage.
You hit the slave. You block the slave's attack. Something hits you.
You die...

#.# ... .. . .##
..# # #.#.#
#.###.#.#.#
#...p{p...# #@# +#
#.# # #.## #.#
.°#..## ### #.#
..#...## ##.###.#
.......####...##.#
#....'....<...#.#
#....####....###.#
###...## ##..#.#
##


You could see 2 slaves.

Vanquished Creatures
  Sigmund (D:3)
  Eustachio (D:5)
  2 slaves (D:5)
  A phantom (D:4)
  A sky beast (D:5)
  An ogre (D:4)
  2 crimson imps
  4 orc priests
  2 hounds (D:4)
  An iguana (D:4)
  An orc wizard (D:5)
  3 worker ants (D:4)
  3 gnolls (D:2)
  11 adders
  An adder skeleton (D:4)
  2 dart slugs
  4 leopard geckos
  10 orcs
  10 bats
  6 giant cockroaches
  6 goblins
  4 hobgoblins
  8 jackals
  4 quokkas (D:3)
  3 ball pythons
  7 frilled lizards
  9 kobolds
  5 rats
113 creatures vanquished.

Notes
Turn   | Place    | Note
-------+----------+-------------------------------------------
     0 | D:1      | Blackhawk the Minotaur Fighter began the quest for the Orb.
     0 | D:1      | Reached XP level 1. HP: 19/19 MP: 0/0
   197 | D:1      | Reached XP level 2. HP: 26/27 MP: 1/1
   751 | D:1      | Reached XP level 3. HP: 33/33 MP: 2/2
  1428 | D:2      | Reached XP level 4. HP: 41/41 MP: 3/3
  1454 | D:2      | Found a hide-covered altar of Uskayaw.
  1678 | D:2      | Found a glowing golden altar of the Shining One.
  1726 | D:2      | Found a basalt altar of Yredelemnul.
  1740 | D:2      | Found a shattered altar of Ashenzari.
  2142 | D:3      | Noticed Sigmund
  2158 | D:3      | Killed Sigmund
  2158 | D:3      | Reached skill level 5 in Fighting
  2158 | D:3      | Reached skill level 5 in Armour
  2158 | D:3      | Reached skill level 5 in Shields
  2158 | D:3      | Reached XP level 5. HP: 41/48 MP: 4/4
  2158 | D:3      | Reached XP level 6. HP: 48/56 MP: 5/5
  2354 | D:3      | Found an iron altar of Okawaru.
  2366 | D:3      | Became a worshipper of Warmaster Okawaru
  2873 | D:4      | Reached * piety under Okawaru
  2873 | D:4      | Reached skill level 5 in Axes
  2875 | D:4      | Reached XP level 7. HP: 23/62 MP: 6/6
  3244 | D:4      | Found a burning altar of Makhleb.
  3693 | D:5      | Entered Level 5 of the Dungeon
  3693 | D:5      | Noticed Eustachio
  3717 | D:5      | Killed Eustachio
  4004 | D:5      | Reached XP level 8. HP: 63/71 MP: 7/7
  4060 | D:5      | Found a glowing golden altar of the Shining One.
  4104 | D:5      | Found a runed translucent door.
  4105 | D:5      | Noticed Crazy Yiuf
  4236 | D:5      | Found a stormy altar of Qazlal.
  4254 | D:5      | Noticed Pikel
  4269 | D:5      | HP: 3/71 [slave[Pikel] (2)]
  4272 | D:5      | Slain by Pikel

Levels and vault maps discovered:
D:1:      wander_arrival_abandoned_jail, layout_basic, serial_co_window_serial,
          co_window_cross_1, co_window_paths_a, co_window_corner_a,
          co_window_corner_a, co_window_paths_a, co_window_paths_a,
          co_window_paths_a, co_window_cross_4, co_window_of_opportunity_b,
          co_window_broadway_b, co_window_unsneaky_path_a,
          co_window_unsneaky_path_a, glass_columns_b, glass_columns_a,
          glass_columns_a, glass_columns_b
D:2:      layout_basic, eat_drink_and_be_merry_uskayaw,
          yredelemnul_altar_generic, lemuel_doored_altar, tso_metal_star
D:3:      layout_basic, okawaru_gym_becter, first_ration, uniq_sigmund
D:4:      layout_basic, makhleb_blood_cavern_becter
D:5:      layout_loops_corners, overflow_temple_1_default, corner_web_ring,
          grunt_qazlal_clouds, uniq_crazy_yiuf_cottage, uniq_pikel,
          uniq_eustachio

Skill      XL: |  1  2  3  4  5  6  7 |
---------------+----------------------+-----
Shields        | 4 5 6 |  6.8
Fighting       | 4 5 6 |  6.8
Armour         | 4 5 6 |  6.7
Axes           | 3 4 5 6 |  6.2

Action                   |  1- 3 |  4- 6 |  7- 9 || total
-------------------------+-------+-------+-------++-------
Melee: War axe           |    92 |   136 |   141 ||   369
       Headbutt          |    10 |    19 |    23 ||    52
  Eat: Chunk             |     2 |     5 |     4 ||    11
Armor: Scale mail        |    30 |       |       ||    30
       Chain mail        |    25 |    78 |    81 ||   184
Dodge: Dodged            |    32 |    32 |    22 ||    86
Block: Shield            |    45 |    66 |       ||   111
       Large shield      |       |    15 |   125 ||   140

Table legend:
 A = Non-vault XP
 B = Vault XP
 C = Vault XP percentage of total XP
 D = Non-vault monster count
 E = Vault monster count
 F = Vault count percentage of total count
                 A         B        C        D         E       F
            +---------+---------+-------+---------+---------+-------
      Total |    1194 |     428 |  26.4 |     108 |       3 |   2.7
            +---------+---------+-------+---------+---------+-------
        D:1 |      45 |       0 |   0.0 |      27 |       0 |   0.0
        D:2 |     117 |       0 |   0.0 |      26 |       0 |   0.0
        D:3 |     116 |     197 |  62.9 |      22 |       1 |   4.3
        D:4 |     671 |      43 |   6.0 |      23 |       1 |   4.2
        D:5 |     245 |     188 |  43.4 |      10 |       1 |   9.1
            +---------+---------+-------+---------+---------+-------
